[Event "Lueneburger Schachfestival IM 2019"]
[Site "Lueneburg"]
[Date "2019.08.06"]
[Round "5.2"]
[White "Ertan, Can"]
[Black "Souleidis, Georgios"]
[Result "0-1"]
[ECO "C71"]
[WhiteElo "2396"]
[BlackElo "2426"]
[Annotator "NA"]
[PlyCount "96"]
[EventDate "2019.08.02"]
[EventType "tourn"]
[EventCountry "GER"]
[SourceTitle "playchess.com"]
[Source "ChessBase"]
[SourceQuality "1"]
[TimeControl "40/5400+30:1800+30"]

1. e4 e5 2. Nf3 Nc6 3. Bb5 a6 4. Ba4 d6 5. d4 b5 6. Bb3 Nxd4 7. Nxd4 exd4 8. c3 dxc3 9. Qh5 g6 10. Qd5 Be6 11. Qc6+ Bd7 12. Qxc3 Qf6 13. a4 bxa4 14. Bxa4 Qxc3+ 15. Nxc3 Ne7 16. Bb5 Bxb5 17. Nxb5 Kd7 18. Bg5 Bg7 19. Nc3 Rhb8 20. O-O-O Rb3 21. Kc2 Rab8 22. Bc1 Nc6 23. Rhe1 Nd4+ 24. Kd2 Bh6+ 25. Kd3 Bxc1 26. Rxc1 Ne6 27. Ke3 Rxb2 28. Re2 Rxe2+ 29. Kxe2 Rb2+ 30. Kf1 Nc5 31. f3 a5 32. Ra1 Rc2 33. Nd5 a4 34. h4 h5 35. Ra3 Rb2 36. Ra1 c6 37. Nc3 Rb4 38. Kf2 Rc4 39. Nd1 Ke6 40. Kg3 Rb4 41. Ne3 Rb3 42. Kf4 Kf6 43. Nc4 d5 44. Nd2 Rb2 45. Nf1 Rxg2 46. exd5 cxd5 47. Rd1 a3 48. Ne3 Ne6# 0-1

[Event "Lueneburger Schachfestival IM 2019"]
[Site "Lueneburg"]
[Date "2019.08.06"]
[Round "5.3"]
[White "Knuedel, Torben"]
[Black "Pubantz, Jan"]
[Result "0-1"]
[ECO "B15"]
[WhiteElo "2151"]
[BlackElo "2214"]
[Annotator "NA"]
[PlyCount "70"]
[EventDate "2019.08.02"]
[EventType "tourn"]
[EventCountry "GER"]
[SourceTitle "playchess.com"]
[Source "ChessBase"]
[SourceQuality "1"]
[TimeControl "40/5400+30:1800+30"]

1. e4 c6 2. d4 d5 3. Nc3 dxe4 4. Nxe4 Nf6 5. Nxf6+ exf6 6. c3 Bd6 7. Bd3 O-O 8. Qc2 Re8+ 9. Ne2 h5 10. Be3 Nd7 $14 11. O-O-O Nf8 12. Kb1 Be6 13. Nf4 Bxf4 14. Bxf4 b5 15. Rhe1 a5 16. Be4 Qd7 17. f3 a4 18. h3 f5 19. Bd3 Qd5 20. Rxe6 Nxe6 21. Be5 b4 22. Bxf5 b3 23. Bh7+ Kh8 24. Qf5 Nf8 25. c4 Qxc4 26. Qd3 bxa2+ 27. Ka1 Qb4 28. Be4 a3 29. b3 Rad8 30. Bg3 Ne6 31. Bf2 Nc5 32. dxc5 Rxd3 33. Rxd3 Rxe4 34. fxe4 Qxe4 35. Rd2 Qb1# 0-1

[Event "Lueneburger Schachfestival IM 2019"]
[Site "Lueneburg"]
[Date "2019.08.06"]
[Round "5.4"]
[White "Aarav Dengla"]
[Black "Stork, Oliver"]
[Result "0-1"]
[ECO "B13"]
[WhiteElo "2038"]
[BlackElo "2322"]
[Annotator "NA"]
[PlyCount "174"]
[EventDate "2019.08.02"]
[EventType "tourn"]
[EventCountry "GER"]
[SourceTitle "playchess.com"]
[Source "ChessBase"]
[SourceQuality "1"]
[TimeControl "40/5400+30:1800+30"]

1. e4 c6 2. d4 d5 3. exd5 cxd5 4. Bd3 Nc6 5. c3 Qc7 6. Ne2 Bg4 7. f3 Bh5 8. Bf4 Qd7 9. h4 Bg6 10. h5 $11 Bxd3 11. Qxd3 e6 12. g4 h6 13. Nd2 Nf6 14. Qe3 Bd6 15. g5 hxg5 16. Bxd6 Qxd6 17. Qxg5 e5 18. Nb3 O-O-O 19. O-O-O exd4 20. Nexd4 Qe5 21. Qxe5 Nxe5 22. f4 Nc6 23. Rde1 Rxh5 24. Nxc6 bxc6 25. Rxh5 Nxh5 26. Re7 Rd7 27. Re8+ Kc7 28. Nc5 Rd8 29. Re5 Nf6 30. Rg5 Rg8 31. Kc2 Nd7 32. Nxd7 Kxd7 33. b4 f6 34. Rh5 Ke6 35. Kd3 a5 36. a3 axb4 37. axb4 g6 38. Rh4 Kf5 39. c4 dxc4+ 40. Kxc4 Rb8 41. Kc5 Rb5+ 42. Kc4 Rd5 43. Rh6 Rd1 44. Kc5 Rc1+ 45. Kd4 Rf1 46. Rh4 Rxf4+ 47. Rxf4+ Kxf4 48. Kc5 f5 49. Kxc6 Kg4 50. b5 f4 51. b6 f3 52. b7 f2 53. b8=Q f1=Q 54. Qb4+ Qf4 55. Qe1 g5 56. Qg1+ Kf5 57. Qc5+ Qe5 58. Qf2+ Kg6 59. Qg2 Qf5 60. Kb6 g4 61. Ka7 Qc5+ 62. Ka8 Kf5 63. Qf1+ Kg5 64. Qg2 Qa3+ 65. Kb8 Qf3 66. Qg1 g3 67. Qc5+ Kg4 68. Qc8+ Qf5 69. Qg8+ Kf4 70. Qc4+ Qe4 71. Qf7+ Kg4 72. Qg7+ Kh3 73. Qh8+ Qh4 74. Qc8+ Kh2 75. Qc2+ g2 76. Qd2 Qf6 77. Qe2 Qd8+ 78. Ka7 Qd5 79. Qf2 Qd7+ 80. Ka8 Qa4+ 81. Kb8 Qb4+ 82. Ka7 Qe4 83. Qb2 Qe7+ 84. Ka8 Qd8+ 85. Ka7 Qc7+ 86. Ka6 Qc8+ 87. Ka7 Kh1 0-1

[Event "Lueneburger Schachfestival IM 2019"]
[Site "Lueneburg"]
[Date "2019.08.06"]
[Round "5.5"]
[White "Kahlert, Thomas"]
[Black "Schulze, Lara"]
[Result "0-1"]
[ECO "E43"]
[WhiteElo "2152"]
[BlackElo "2253"]
[Annotator "NA"]
[PlyCount "68"]
[EventDate "2019.08.02"]
[EventType "tourn"]
[EventCountry "GER"]
[SourceTitle "playchess.com"]
[Source "ChessBase"]
[SourceQuality "1"]
[TimeControl "40/5400+30:1800+30"]

1. Nf3 Nf6 2. c4 e6 3. Nc3 Bb4 4. d4 b6 5. e3 Ne4 6. Qc2 Bb7 7. Bd3 f5 8. O-O Bxc3 9. bxc3 O-O $11 10. Nd2 Qh4 11. f3 Nxd2 12. Bxd2 Nc6 13. Rae1 Ne7 14. Rf2 Rf6 15. g3 Qh5 16. e4 fxe4 17. Bxe4 Bxe4 18. Qxe4 Raf8 19. d5 Rxf3 20. Rxf3 Qxf3 21. Qxf3 Rxf3 22. dxe6 dxe6 23. Rxe6 Kf7 24. Re4 Rf5 25. Rf4 Ke6 26. Kg2 Ra5 27. Kf3 Rxa2 28. Re4+ Kd7 29. Bg5 Nc6 30. h4 a5 31. h5 Rc2 32. Re3 a4 33. Ke4 a3 34. Kd3 a2 0-1

[Event "Lueneburger Schachfestival IM 2019"]
[Site "Lueneburg"]
[Date "2019.08.07"]
[Round "6.1"]
[White "Chennaoui, Yasin"]
[Black "Schulze, Lara"]
[Result "0-1"]
[ECO "A20"]
[WhiteElo "2092"]
[BlackElo "2253"]
[Annotator "NA"]
[PlyCount "92"]
[EventDate "2019.08.02"]
[EventType "tourn"]
[EventCountry "GER"]
[SourceTitle "playchess.com"]
[Source "ChessBase"]
[SourceQuality "1"]
[TimeControl "40/5400+30:1800+30"]

1. c4 e5 2. g3 c6 3. d4 e4 4. Nc3 d5 5. Bg2 Nf6 6. Bg5 Nbd7 7. Nh3 h6 8. Be3 Nb6 9. cxd5 cxd5 10. Rc1 Be7 11. O-O O-O 12. b3 Bf5 13. f3 exf3 14. exf3 Ba3 15. Qd2 Bxc1 16. Rxc1 Rc8 17. Nf4 Re8 18. g4 Bh7 19. h4 Qd6 20. g5 hxg5 21. hxg5 Nfd7 22. Bh3 Rc6 23. Kg2 Nf8 24. Bf2 f6 25. Bg3 Qd8 26. gxf6 gxf6 27. Nh5 f5 28. Be5 Ng6 29. f4 Qh4 30. Nf6+ Rxf6 31. Bxf6 Qxf6 32. Qf2 Qd6 33. Bxf5 Nxf4+ 34. Kf3 Bxf5 35. Qg3+ Kf7 36. Qxf4 Qxf4+ 37. Kxf4 Bd7 38. Rh1 Ke7 39. Re1+ Kd6 40. Rxe8 Bxe8 41. Kf5 Nc8 42. Kf6 Ne7 43. a3 Bd7 44. a4 Nf5 45. Nb5+ Bxb5 46. Kxf5 Bd3+ {[%emt 0:03:59] Ke4 Ke5+} 0-1

[Event "Lueneburger Schachfestival IM 2019"]
[Site "Lueneburg"]
[Date "2019.08.07"]
[Round "6.2"]
[White "Stork, Oliver"]
[Black "Kahlert, Thomas"]
[Result "1/2-1/2"]
[ECO "A25"]
[WhiteElo "2322"]
[BlackElo "2152"]
[Annotator "NA"]
[PlyCount "139"]
[EventDate "2019.08.02"]
[EventType "tourn"]
[EventCountry "GER"]
[SourceTitle "playchess.com"]
[Source "ChessBase"]
[SourceQuality "1"]
[TimeControl "40/5400+30:1800+30"]

1. c4 e5 2. Nc3 Nc6 3. g3 g6 4. Bg2 Bg7 5. Rb1 a5 6. a3 f5 7. e3 Nf6 8. Nge2 e4 9. d3 exd3 10. Qxd3 Ne5 11. Qc2 d6 12. O-O c6 13. b3 O-O 14. Rd1 $14 Qe7 15. Bb2 Be6 16. Nf4 Bf7 17. Nd3 Rfd8 18. Rd2 Nxd3 19. Rxd3 Nd7 20. Na4 Bxb2 21. Qxb2 Ne5 22. Rd4 Be6 23. Rbd1 Nf7 24. e4 Qf6 25. c5 Qe7 26. cxd6 Rxd6 27. Rxd6 Nxd6 28. Qe5 Nf7 29. Qc5 Qc7 30. Nb6 Rd8 31. Nd5 Bxd5 32. Rxd5 b6 33. Rxd8+ Qxd8 34. Qxc6 Qd1+ 35. Bf1 fxe4 36. Qxb6 Qd5 37. Qb5 Qxb5 38. Bxb5 Nd6 39. Bc6 Kf7 40. Kf1 Ke6 41. b4 axb4 42. axb4 Ke5 43. b5 Nc4 44. h4 h6 45. Ke2 Kd4 46. Be8 g5 47. h5 Nd6 48. b6 Kc5 49. Ke3 Kxb6 50. Bg6 Kc5 51. Bxe4 Nc4+ 52. Kd3 Ne5+ 53. Kc3 Ng4 54. f3 Nf6 55. Bg6 Kd5 56. Bf7+ Ke5 57. Kd3 Nd7 58. Kc4 Kf6 59. Bd5 Ke5 60. Bg8 Nf6 61. Bf7 Nd7 62. Bg6 Nf6 63. Kc5 Nd5 64. Bf7 Ne3 65. Kc6 Nf5 66. Kd7 Nxg3 67. Ke7 Kf4 68. Kf6 Kxf3 69. Kg6 Nxh5 70. Kxh5 1/2-1/2

[Event "Lueneburger Schachfestival IM 2019"]
[Site "Lueneburg"]
[Date "2019.08.07"]
[Round "6.3"]
[White "Pubantz, Jan"]
[Black "Aarav Dengla"]
[Result "0-1"]
[ECO "D11"]
[WhiteElo "2214"]
[BlackElo "2038"]
[Annotator "NA"]
[PlyCount "88"]
[EventDate "2019.08.02"]
[EventType "tourn"]
[EventCountry "GER"]
[SourceTitle "playchess.com"]
[Source "ChessBase"]
[SourceQuality "1"]
[TimeControl "40/5400+30:1800+30"]

1. d4 d5 2. c4 c6 3. Nf3 Nf6 4. Qc2 g6 5. Bf4 Bg7 6. e3 Bf5 7. Qb3 Qb6 8. Nc3 Na6 9. Qxb6 axb6 10. cxd5 Nxd5 11. Nxd5 cxd5 12. Bb5+ Bd7 13. Bxd7+ Kxd7 14. Kd2 Nb4 15. Rhc1 Rhc8 16. Rc3 Rxc3 17. bxc3 Nc6 18. Kc2 f6 19. Nd2 e5 20. Bg3 f5 21. f4 e4 22. a3 Bf8 23. c4 Rxa3 24. Rxa3 Bxa3 25. cxd5 Nb4+ 26. Kb3 Bc1 27. Nxe4 fxe4 28. Kxb4 Bxe3 29. Kc4 Ke7 30. Bh4+ Kd6 31. Bd8 b5+ 32. Kxb5 Kxd5 33. Kb6 Kxd4 34. g3 Bg1 35. h4 Ke3 36. Kxb7 Kf3 37. h5 e3 38. hxg6 hxg6 39. Kc6 e2 40. Ba5 Kxg3 41. Bd2 Be3 42. Be1+ Bf2 43. Bd2 e1=Q 44. Bxe1 Bxe1 0-1

[Event "Lueneburger Schachfestival IM 2019"]
[Site "Lueneburg"]
[Date "2019.08.07"]
[Round "6.4"]
[White "Souleidis, Georgios"]
[Black "Knuedel, Torben"]
[Result "1/2-1/2"]
[ECO "C54"]
[WhiteElo "2426"]
[BlackElo "2151"]
[Annotator "NA"]
[PlyCount "67"]
[EventDate "2019.08.02"]
[EventType "tourn"]
[EventCountry "GER"]
[SourceTitle "playchess.com"]
[Source "ChessBase"]
[SourceQuality "1"]
[TimeControl "40/5400+30:1800+30"]

1. e4 e5 2. Nf3 Nc6 3. Bc4 Bc5 4. O-O Nf6 5. d3 d6 6. c3 a6 7. a4 Ba7 8. Re1 O-O 9. h3 Kh8 10. Nbd2 Nh5 11. Nf1 f5 12. Be3 (12. Ng5 $14 g6 13. Nf7+ Rxf7 14. Bxf7) 12... Bxe3 13. Nxe3 fxe4 14. dxe4 Nf4 $11 15. Nd5 Nxd5 16. exd5 Ne7 17. Ng5 g6 18. Qd2 Kg7 19. Rad1 Rf4 20. Re4 Rxe4 21. Nxe4 Bf5 22. Ng3 Qd7 23. a5 Rf8 24. Kh2 Qa4 25. b4 Bc2 26. Rc1 Bb3 27. Qg5 Bxc4 28. Qxe7+ Rf7 29. Qg5 h6 30. Nh5+ Kh7 31. Nf6+ Kg7 32. Nh5+ Kh7 33. Nf6+ Kg7 34. Nh5+ 1/2-1/2

[Event "Lueneburger Schachfestival IM 2019"]
[Site "Lueneburg"]
[Date "2019.08.07"]
[Round "6.5"]
[White "Carlstedt, Jonathan"]
[Black "Ertan, Can"]
[Result "1/2-1/2"]
[ECO "A45"]
[WhiteElo "2408"]
[BlackElo "2396"]
[Annotator "ChessBase"]
[PlyCount "26"]
[EventDate "2019.08.02"]
[EventType "tourn"]
[EventCountry "GER"]
[SourceTitle "playchess.com"]
[Source "ChessBase"]
[SourceQuality "1"]
[TimeControl "40/5400+30:1800+30"]

1. d4 Nf6 2. Bf4 c5 3. e3 Nd5 4. Bg3 Qb6 5. Nc3 Nxc3 6. bxc3 d5 7. Bxb8 Rxb8 8. Rb1 Qa5 9. Bb5+ Kd8 10. Qh5 Qxa2 11. Kd2 g6 12. Qf3 Bf5 13. Rb2 Qxb2 1/2-1/2

[Event "Lueneburger Schachfestival IM 2019"]
[Site "Lueneburg"]
[Date "2019.08.08"]
[Round "7.1"]
[White "Ertan, Can"]
[Black "Chennaoui, Yasin"]
[Result "1-0"]
[ECO "B30"]
[WhiteElo "2396"]
[BlackElo "2092"]
[Annotator "ChessBase"]
[PlyCount "57"]
[EventDate "2019.08.02"]
[EventType "tourn"]
[EventCountry "GER"]
[SourceTitle "playchess.com"]
[Source "ChessBase"]
[SourceQuality "1"]
[TimeControl "40/5400+30:1800+30"]

1. e4 c5 2. Nf3 Nc6 3. Bc4 Nf6 4. Qe2 e6 5. e5 Nd5 6. d4 cxd4 7. O-O Nb6 8. Bd3 d6 9. Bf4 dxe5 10. Nxe5 Bd6 11. Nd2 Nd5 12. Bg3 Nxe5 13. Bxe5 Bxe5 14. Qxe5 Qf6 15. Bb5+ Ke7 16. Qg3 Rd8 17. Qa3+ Rd6 18. Nc4 e5 19. Rae1 Bd7 20. Rxe5+ Qxe5 21. Nxe5 Bxb5 22. Re1 Rad8 23. Nc4+ Ne3 24. Nxd6 Rxd6 25. fxe3 Ke6 26. Qb3+ Ke5 27. exd4+ Kxd4 28. Qc3+ Kd5 29. Re5# 1-0

[Event "Lueneburger Schachfestival IM 2019"]
[Site "Lueneburg"]
[Date "2019.08.08"]
[Round "7.2"]
[White "Knuedel, Torben"]
[Black "Carlstedt, Jonathan"]
[Result "0-1"]
[ECO "C60"]
[WhiteElo "2151"]
[BlackElo "2408"]
[Annotator "NA"]
[PlyCount "120"]
[EventDate "2019.08.02"]
[EventType "tourn"]
[EventCountry "GER"]
[SourceTitle "playchess.com"]
[Source "ChessBase"]
[SourceQuality "1"]
[TimeControl "40/5400+30:1800+30"]

1. e4 e5 2. Nf3 Nc6 3. Bb5 Nge7 4. Nc3 g6 5. d4 exd4 6. Nd5 Bg7 7. Bg5 h6 8. Bf6 Bxf6 9. Nxf6+ Kf8 10. Qd2 d5 11. Bxc6 Nxc6 12. Nxd5 Bf5 13. Qf4 Bxe4 14. Qxe4 Kg7 15. O-O Re8 16. Qxe8 Qxe8 17. Nxc7 Qe4 18. Nxa8 Qxc2 19. Rad1 Qxb2 20. Rd2 Qb4 21. Rfd1 Qf8 22. Nc7 Qc5 23. h3 Kf8 24. Re1 Qa5 25. Ne8 Qd8 26. Ne5 h5 27. Nxc6 bxc6 28. Re5 c5 29. Rxc5 Qxe8 30. Rxd4 Qe1+ 31. Kh2 Qxf2 32. Rc8+ Kg7 33. Ra4 g5 34. Ra8 g4 35. hxg4 Qh4+ 36. Kg1 hxg4 37. R8xa7 Qe1+ 38. Kh2 Qe5+ 39. Kg1 g3 40. Rg4+ Kf6 41. Ra6+ Kf5 42. Rxg3 Qxg3 43. Ra5+ Kf4 44. Ra4+ Kg5 45. Ra5+ f5 46. Rb5 Qe1+ 47. Kh2 Qh4+ 48. Kg1 Qd4+ 49. Kh2 Qh8+ 50. Kg1 Qa1+ 51. Kh2 Qxa2 52. Rb7 Qg8 53. Rb1 Qh8+ 54. Kg1 Qd4+ 55. Kh2 Qd3 56. Rb7 Kf4 57. Rh7 Qg3+ 58. Kg1 Ke3 59. Rh3 Qxh3 60. gxh3 Ke2 0-1

[Event "Lueneburger Schachfestival IM 2019"]
[Site "Lueneburg"]
[Date "2019.08.08"]
[Round "7.3"]
[White "Aarav Dengla"]
[Black "Souleidis, Georgios"]
[Result "0-1"]
[ECO "B08"]
[WhiteElo "2038"]
[BlackElo "2426"]
[Annotator "NA"]
[PlyCount "104"]
[EventDate "2019.08.02"]
[EventType "tourn"]
[EventCountry "GER"]
[SourceTitle "playchess.com"]
[Source "ChessBase"]
[SourceQuality "1"]
[TimeControl "40/5400+30:1800+30"]

1. e4 g6 2. d4 Bg7 3. Nf3 d6 4. Bc4 Nf6 5. Nc3 O-O 6. e5 dxe5 7. dxe5 Qxd1+ 8. Nxd1 Ng4 9. Bf4 Nc6 10. e6 Bxe6 11. Bxe6 fxe6 12. Bd2 Rad8 13. Bc3 Bxc3+ 14. Nxc3 Nd4 15. Nxd4 Rxd4 16. O-O Rd2 17. Ne4 Rxc2 18. Rac1 Rxb2 19. Rxc7 Rf4 20. h3 Rxe4 21. hxg4 Kf7 22. Rd1 Kf6 23. Rdd7 Re1+ 24. Kh2 Rxf2 25. Rxe7 Ree2 26. Rf7+ Kg5 27. Rxf2 Rxf2 28. Rxb7 Rxa2 29. Rxh7 Kxg4 30. Re7 Kf5 31. Rf7+ Kg5 32. Kg3 a5 33. Ra7 Ra3+ 34. Kf2 e5 35. Ra6 Kf5 36. g4+ Kxg4 37. Rxg6+ Kf4 38. Rf6+ Ke4 39. Ke2 Ra2+ 40. Kd1 Ke3 41. Kc1 e4 42. Kb1 Rf2 43. Ra6 Rf5 44. Kc2 Ke2 45. Kc3 e3 46. Re6 Rd5 47. Re4 Kf3 48. Re8 e2 49. Rf8+ Ke4 50. Re8+ Re5 51. Rxe5+ Kxe5 52. Kd2 a4 0-1

[Event "Lueneburger Schachfestival IM 2019"]
[Site "Lueneburg"]
[Date "2019.08.08"]
[Round "7.4"]
[White "Kahlert, Thomas"]
[Black "Pubantz, Jan"]
[Result "1/2-1/2"]
[ECO "D15"]
[WhiteElo "2152"]
[BlackElo "2214"]
[Annotator "NA"]
[PlyCount "80"]
[EventDate "2019.08.02"]
[EventType "tourn"]
[EventCountry "GER"]
[SourceTitle "playchess.com"]
[Source "ChessBase"]
[SourceQuality "1"]
[TimeControl "40/5400+30:1800+30"]

1. Nf3 d5 2. d4 Nf6 3. c4 c6 4. Nc3 a6 5. a4 e6 6. Bg5 Nbd7 7. e3 Bb4 8. Nd2 Qa5 9. Qc2 dxc4 10. Bxf6 Nxf6 11. Nxc4 Qc7 12. Be2 c5 13. Qb3 O-O 14. O-O cxd4 15. Qxb4 dxc3 16. Qxc3 Bd7 17. Rfc1 Rac8 18. Bf3 Rfd8 19. Qe5 Qxe5 20. Nxe5 Rxc1+ 21. Rxc1 Bxa4 22. Bxb7 Bb5 23. h3 Ne8 24. Rc8 Rxc8 25. Bxc8 Kf8 26. Bd7 Ke7 27. Bxb5 axb5 28. Kf1 Nd6 29. Ke2 f6 30. Nd3 e5 31. f3 e4 32. Nc5 f5 33. b3 Kf6 34. f4 Nc8 35. Kd2 Nb6 36. Kc3 Nd5+ 37. Kd4 Nb4 38. Kc3 Nd5+ 39. Kd4 Nb4 40. Kc3 Nd5+ 1/2-1/2

[Event "Lueneburger Schachfestival IM 2019"]
[Site "Lueneburg"]
[Date "2019.08.08"]
[Round "7.5"]
[White "Schulze, Lara"]
[Black "Stork, Oliver"]
[Result "1/2-1/2"]
[ECO "B12"]
[WhiteElo "2253"]
[BlackElo "2322"]
[Annotator "NA"]
[PlyCount "159"]
[EventDate "2019.08.02"]
[EventType "tourn"]
[EventCountry "GER"]
[SourceTitle "playchess.com"]
[Source "ChessBase"]
[SourceQuality "1"]
[TimeControl "40/5400+30:1800+30"]

1. e4 c6 2. d4 d5 3. e5 c5 4. dxc5 Nc6 5. a3 Nxe5 6. b4 g6 7. Bb2 Bg7 8. Nc3 Nf6 9. f4 Bg4 10. fxe5 Bxd1 11. exf6 Bxf6 12. Bb5+ Kf8 13. Rxd1 e6 14. Nh3 a6 15. Be2 b6 16. cxb6 Qxb6 17. Na4 Qd8 18. Bc1 Be5 19. O-O h6 20. c4 Qc7 21. Nf4 Kg8 22. Nc5 d4 23. Bf3 Bxf4 24. Bxf4 Qxf4 25. Bxa8 Qe3+ 26. Kh1 Qxa3 27. Rxd4 Qxb4 28. Nd3 Qb8 29. Bc6 Rh7 30. c5 f5 31. Bd7 e5 32. Rd6 Rxd7 33. Rxd7 Qb5 34. Rd6 Kf8 35. Rd1 e4 36. Ne5 e3 37. Nxg6+ Kg7 38. Nf4 e2 39. Nxe2 Qxe2 40. c6 f4 41. Rb1 Kf7 42. Rd7+ Kf6 43. c7 Qc2 44. Rb6+ Ke5 45. h3 f3 46. Re7+ Kd5 47. gxf3 Qd1+ 48. Kg2 Qd2+ 49. Kf1 Qd1+ 50. Kf2 Qd2+ 51. Re2 Qd4+ 52. Kg2 Qg7+ 53. Kh1 Qxc7 54. Rbe6 a5 55. R6e4 Qc1+ 56. Kg2 Kd6 57. Re6+ Kd7 58. Re7+ Kd6 59. R7e4 Qd1 60. Ra2 Qc1 61. Raa4 h5 62. h4 Qb2+ 63. Kg3 Qg7+ 64. Kh3 Qd7+ 65. Kh2 Qf5 66. Red4+ Kc6 67. Rf4 Qc2+ 68. Kh3 Qd1 69. Rf6+ Kb5 70. Re4 Qd7+ 71. Kh2 Qc7+ 72. Kh3 Qd7+ 73. Rfe6 a4 74. Kg3 a3 75. R6e5+ Kb6 76. Re6+ Kc5 77. R4e5+ Kc4 78. Re4+ Kc5 79. R4e5+ Kc4 80. Re4+ 1/2-1/2

[Event "Lueneburger Schachfestival IM 2019"]
[Site "Lueneburg"]
[Date "2019.08.10"]
[Round "9.1"]
[White "Knuedel, Torben"]
[Black "Chennaoui, Yasin"]
[Result "1-0"]
[ECO "B63"]
[WhiteElo "2151"]
[BlackElo "2092"]
[Annotator "NA"]
[PlyCount "69"]
[EventDate "2019.08.02"]
[EventType "tourn"]
[EventCountry "GER"]
[SourceTitle "playchess.com"]
[Source "ChessBase"]
[SourceQuality "1"]
[TimeControl "40/5400+30:1800+30"]

1. e4 c5 2. Nf3 Nc6 3. d4 cxd4 4. Nxd4 Nf6 5. Nc3 d6 6. Bg5 Qb6 7. Nb3 e6 8. Qd2 Be7 9. O-O-O O-O 10. Be2 Rd8 11. f4 h6 12. h4 a5 13. a4 Qb4 14. Qe3 d5 15. exd5 exd5 16. Bxf6 Bxf6 17. Nxd5 Rxd5 18. Rxd5 Be6 19. Re5 Bxb3 20. cxb3 Nxe5 21. fxe5 Re8 22. Qc3 Qf4+ 23. Kb1 Bxe5 24. Qc4 Qd2 25. Qc2 Qe3 26. Bc4 Rd8 27. Rf1 Kh8 28. Rxf7 Qe1+ 29. Ka2 Qxh4 30. Qf5 Qd4 31. Rf8+ Rxf8 32. Qxf8+ Kh7 33. Qf5+ g6 34. Qf7+ Bg7 35. Qg8# {[%emt 0:09:28] Be5 Qe6} 1-0

[Event "Lueneburger Schachfestival IM 2019"]
[Site "Lueneburg"]
[Date "2019.08.10"]
[Round "9.2"]
[White "Aarav Dengla"]
[Black "Ertan, Can"]
[Result "0-1"]
[ECO "C80"]
[WhiteElo "2038"]
[BlackElo "2396"]
[Annotator "NA"]
[PlyCount "76"]
[EventDate "2019.08.02"]
[EventType "tourn"]
[EventCountry "GER"]
[SourceTitle "playchess.com"]
[Source "ChessBase"]
[SourceQuality "1"]
[TimeControl "40/5400+30:1800+30"]

1. e4 e5 2. Nf3 Nc6 3. Bb5 a6 4. Ba4 Nf6 5. O-O Nxe4 6. d4 b5 7. Bb3 d5 8. dxe5 Be6 9. Nbd2 Nc5 10. c3 d4 11. cxd4 Nxd4 12. Nxd4 Qxd4 13. Bxe6 fxe6 14. Qf3 Qd5 15. Qxd5 exd5 16. Nb3 O-O-O 17. Nxc5 Bxc5 18. Bd2 Rhf8 19. Rac1 Bb6 20. Bb4 Rf5 21. e6 Re8 22. e7 d4 23. g4 Rg5 24. h3 a5 25. Bd2 Re5 26. b4 a4 27. Bf4 Re2 28. Bg5 h6 29. Bh4 g5 30. Bg3 d3 31. Rcd1 d2 32. Kg2 R8xe7 33. Kf3 Bd4 34. a3 Bb2 35. h4 Bxa3 36. hxg5 hxg5 37. Kg2 Bxb4 38. Kg1 Bc5 0-1

[Event "Lueneburger Schachfestival IM 2019"]
[Site "Lueneburg"]
[Date "2019.08.10"]
[Round "9.3"]
[White "Kahlert, Thomas"]
[Black "Carlstedt, Jonathan"]
[Result "1/2-1/2"]
[ECO "A41"]
[WhiteElo "2152"]
[BlackElo "2408"]
[Annotator "NA"]
[PlyCount "62"]
[EventDate "2019.08.02"]
[EventType "tourn"]
[EventCountry "GER"]
[SourceTitle "playchess.com"]
[Source "ChessBase"]
[SourceQuality "1"]
[TimeControl "40/5400+30:1800+30"]

1. Nf3 g6 2. d4 Bg7 3. c4 d6 4. Nc3 Bg4 5. e3 c5 6. Be2 cxd4 7. Nxd4 Bxe2 8. Ndxe2 Nd7 9. b3 Ngf6 10. Bb2 O-O 11. O-O a5 12. Qd2 Nc5 13. Rfd1 a4 14. Qc2 Qa5 15. Rab1 Qb4 16. Nf4 axb3 17. axb3 e6 18. Nb5 Ra2 19. Nc3 Ra6 20. Nb5 Ra2 21. Nc3 Rxb2 22. Rxb2 Nfe4 23. Nxe4 Nxe4 24. Qxe4 Bxb2 25. Qc2 Bf6 26. g3 Rc8 27. Qd3 Be5 28. Ne2 Qa5 29. Nd4 d5 30. Nf3 dxc4 31. Qd7 Rf8 1/2-1/2

[Event "Lueneburger Schachfestival IM 2019"]
[Site "Lueneburg"]
[Date "2019.08.10"]
[Round "9.4"]
[White "Schulze, Lara"]
[Black "Souleidis, Georgios"]
[Result "0-1"]
[ECO "B38"]
[WhiteElo "2253"]
[BlackElo "2426"]
[Annotator "NA"]
[PlyCount "128"]
[EventDate "2019.08.02"]
[EventType "tourn"]
[EventCountry "GER"]
[SourceTitle "playchess.com"]
[Source "ChessBase"]
[SourceQuality "1"]
[TimeControl "40/5400+30:1800+30"]

1. e4 c5 2. Nf3 Nc6 3. d4 cxd4 4. Nxd4 g6 5. c4 Bg7 6. Be3 Qb6 7. Nb5 Qa5+ 8. N1c3 a6 9. Nd4 Nf6 10. Nb3 Qd8 11. Nd5 Nxd5 12. cxd5 Nb8 13. Qd2 O-O 14. h4 e5 15. h5 d6 16. hxg6 fxg6 17. O-O-O a5 18. Kb1 a4 19. Na1 a3 20. b3 Nd7 21. Bc4 Nf6 22. f3 Nh5 23. Rh2 Rf7 24. Nc2 Nf4 25. Qb4 h5 26. Nxa3 h4 27. Nb5 Bf8 28. Rdh1 g5 29. Qe1 Nh5 30. Qf2 Ng3 31. Bb6 Nxh1 32. Rxh1 Qe7 33. Nc7 Rb8 34. Ne6 Bxe6 35. dxe6 Rh7 36. Bd5 Kh8 37. b4 Qf6 38. g3 Be7 39. g4 h3 40. Qg3 Qf4 41. Rxh3 Qd2 42. Rxh7+ Kxh7 43. Qh3+ Kg7 44. Qh5 Qxb4+ 45. Bb3 Rf8 46. Be3 Rxf3 47. Bxg5 Qxe4+ 48. Bc2 Qb4+ 49. Bb3 Rf1+ 50. Kc2 Rf2+ 51. Kd1 Rf1+ 52. Ke2 Qe1+ 53. Kd3 Rf3+ 54. Kc2 Qc3+ 55. Kd1 Rf1+ 56. Ke2 Qe1+ 57. Kd3 Rf3+ 58. Kc2 Qe2+ 59. Bd2 Qd3+ 60. Kc1 Rf1+ 61. Bd1 Qa3+ 62. Kc2 Qxa2+ 63. Kd3 Qxe6 64. Be2 Rf8 {[%emt 0:01:45] Kd4} 0-1

[Event "Lueneburger Schachfestival IM 2019"]
[Site "Lueneburg"]
[Date "2019.08.10"]
[Round "9.5"]
[White "Stork, Oliver"]
[Black "Pubantz, Jan"]
[Result "0-1"]
[ECO "A13"]
[WhiteElo "2322"]
[BlackElo "2214"]
[Annotator "NA"]
[PlyCount "54"]
[EventDate "2019.08.02"]
[EventType "tourn"]
[EventCountry "GER"]
[SourceTitle "playchess.com"]
[Source "ChessBase"]
[SourceQuality "1"]
[TimeControl "40/5400+30:1800+30"]

1. c4 Nf6 2. Nf3 e6 3. g3 d5 4. Bg2 dxc4 5. O-O a6 6. Qc2 b5 7. a4 Bb7 8. b3 cxb3 9. Qxb3 b4 10. d4 c5 11. dxc5 Bxc5 12. a5 O-O 13. Nbd2 Nbd7 14. Nc4 Rc8 15. Be3 Bd5 16. Bxc5 Rxc5 17. Nfd2 Ne5 18. Rac1 Qc7 19. Qxb4 Nxc4 20. e4 Rb8 21. Qc3 Nxd2 22. Qxc5 Qxc5 23. Rxc5 Nxf1 24. exd5 Nd2 25. dxe6 Rb1+ 26. Bf1 Rxf1+ 27. Kg2 fxe6 0-1